 Dungeon Crawl Stone Soup version 0.20-a0-809-gaf7f668 (webtiles) character file.

1957 esteth the Thaumaturge (level 8, -8/41 HPs)
             Began as a Deep Elf Conjurer on Mar 2, 2017.
             Was a Follower of Vehumet.
             Shot with an arrow by a centaur (10 damage)
             ... on level 7 of the Dungeon.
             The game lasted 00:24:46 (8107 turns).

esteth the Thaumaturge (Deep Elf Conjurer)          Turns: 8107, Time: 00:24:46

Health: -8/41      AC:  2    Str:  5    XL:     8   Next: 99%
Magic:  23/25      EV: 13    Int: 23    God:    Vehumet [*.....]
Gold:   378        SH:  0    Dex: 15    Spells: 8/29 levels left

rFire    . . .     SeeInvis .   (no weapon)
rCold    . . .     Gourm    .   a - +0 robe
rNeg     . . .     Faith    .   (no shield)
rPois    .         Spirit   .   (no helmet)
rElec    .         Reflect  .   (no cloak)
rCorr    .         Harm     .   (no gloves)
MR       .....                  (no boots)
Stlth    ++........             (no amulet)
Regen    0.2/turn               (no ring)
MPRegen  0.2/turn               (no ring)

@: no status effects
A: no striking features
a: Renounce Religion


You were on level 7 of the Dungeon.
You worshipped Vehumet.
Vehumet was aware of your devotion.
You were not hungry.

You visited 2 branches of the dungeon, and saw 8 of its levels.
You also visited: Sewer.

You collected 378 gold pieces.

Inventory:

Armour
 a - a +0 robe (worn)
Wands
 t - a wand of disintegration (0/24)
 v - a wand of scattershot (4/9)
Scrolls
 g - 6 scrolls of identify
 i - 2 scrolls of fear {unknown}
 j - a scroll of random uselessness {unknown}
 k - a scroll of enchant armour {unknown}
 l - 4 scrolls of magic mapping {unknown}
 m - 6 scrolls of teleportation {unknown}
 n - a scroll of fog {unknown}
 q - a scroll of remove curse {unknown}
 s - a scroll of amnesia {unknown}
 x - 3 scrolls of immolation {unknown}
 y - 2 scrolls of vulnerability {unknown}
Potions
 e - a potion of heal wounds
 f - 4 potions of lignification
 r - a potion of experience {unknown}
 w - 2 potions of curing
Books
 b - a book of Conjurations

   Spells                             Type                      Level
   a - Magic Dart                     Conjuration                  1
   b - Searing Ray                    Conjuration                  2
   c - Dazzling Spray                 Conjuration/Hexes            3
   d - Fulminant Prism                Conjuration/Hexes            4
   e - Force Lance                    Conjuration/Translocation    4
   f - Iskenderun's Mystic Blast      Conjuration                  4
 p - a book of Misfortune

   Spells                             Type                      Level
   a - Confusing Touch                Hexes                        1
   b - Confuse                        Hexes                        3
   c - Gell's Gravitas                Translocation                3
   d - Petrify                        Transmutation/Earth          4
   e - Metabolic Englaciation         Hexes/Ice                    5
   f - Yara's Violent Unravelling     Hexes/Transmutation          5
 z - a book of Flames

   Spells                             Type                      Level
   a - Flame Tongue                   Conjuration/Fire             1
   b - Throw Flame                    Conjuration/Fire             2
   c - Conjure Flame                  Conjuration/Fire             3
   d - Inner Flame                    Hexes/Fire                   3
   e - Sticky Flame                   Conjuration/Fire             4
   f - Fireball                       Conjuration/Fire             5
Comestibles
 c - 5 bread rations
 d - a royal jelly
 h - 3 meat rations
 o - 6 fruits
 u - 5 chunks of flesh


   Skills:
 - Level 2.4 Dodging
 - Level 2.4 Stealth
 - Level 11.1 Spellcasting
 - Level 6.4 Conjurations
 - Level 7.5 Hexes
 - Level 4.0 Translocations
 + Level 0.0 Fire Magic


You had 8 spell levels left.
You knew the following spells:

 Your Spells              Type           Power        Failure   Level  Hunger
a - Magic Dart            Conj           ####         1%          1    None
b - Force Lance           Conj/Tloc      #####...     10%         4    None
c - Fulminant Prism       Conj/Hex       #####.....   3%          4    None
d - Confuse               Hex            #####...     1%          3    None
e - Sticky Flame          Conj/Fire      ####....     17%         4    None
f - Fireball              Conj/Fire      ####......   45%         5    ####...


Dungeon Overview and Level Annotations

Branches:
Dungeon (7/15)             Temple (1/1) D:5

Altars:
Ashenzari
Cheibriados
Dithmenos
Fedhas
Gozag
Hepliaklqana
Makhleb
Nemelex Xobeh
Qazlal
Ru
Sif Muna
Trog
Uskayaw
Vehumet
Wu Jian
Xom
Yredelemnul
Zin
The Shining One


Message History

You see here a bread ration.
Casting: Magic Dart
Confirm with . or Enter, or press ? or * to list all spells.
Aiming: Magic Dart
Press: ? - help, Shift-Dir - straight line, f/p - centaur
Aim: a centaur, wielding a shortbow (lightly wounded)
The magic dart hits the centaur.
The centaur is moderately wounded.
The centaur shoots an arrow.
The arrow hits you.
Casting: Magic Dart
Confirm with . or Enter, or press ? or * to list all spells.
Aiming: Magic Dart
Press: ? - help, Shift-Dir - straight line, f/p - centaur
Aim: a centaur, wielding a shortbow (moderately wounded)
The magic dart hits the centaur.
The centaur is moderately wounded.
The centaur shoots an arrow.
The arrow hits you!
* * * LOW HITPOINT WARNING * * *
The centaur shoots an arrow.
The arrow hits you!
You die...

#.........# ######.######...
#.........#####..............
#.............#....#.........
#....#####....+....#.........
#....+ +....#....#.........
#....# #..(.#....#######...
#....#####..(<#.... #...
#.............####+ #...
#...........@.# #...
#.............+ #...
.........# #... .........#
#... .......c.# #...
.........# +... ######....
#... #.... #... #..... #...


You could see a centaur.

Vanquished Creatures
  Grinder (D:5)
  An orc warrior (D:6)
  2 sky beasts
  2 phantoms
  An ice beast (D:5)
  An ogre (D:4)
  A centaur (D:5)
  A crocodile (Sewer)
  A scorpion (D:5)
  2 crimson imps
  A quasit (D:5)
  A hound (D:5)
  4 orc priests
  A centaur skeleton (D:6)
  6 orc wizards
  Jessica (D:2)
  2 iguanas
  Ijyb (D:2)
  4 worker ants
  A hound skeleton (D:6)
  A hound zombie (D:6)
  Robin (D:1)
  4 gnolls (D:6)
  6 adders
  2 oozes
  An adder zombie (D:6)
  A worm (D:4)
  4 dart slugs
  2 leopard geckos
  29 orcs
  3 giant cockroaches
  10 goblins
  13 hobgoblins
  4 jackals
  3 quokkas
  3 ball pythons
  10 bats
  7 frilled lizards
  9 kobolds
  A quokka zombie (D:5)
  7 rats
156 creatures vanquished.

Vanquished Creatures (others)
  12 fulminant prisms
12 creatures vanquished.

Grand Total: 168 creatures vanquished

Notes
Turn   | Place    | Note
-------+----------+-------------------------------------------
     0 | D:1      | esteth the Deep Elf Conjurer began the quest for the Orb.
     0 | D:1      | Reached XP level 1. HP: 10/10 MP: 6/6
   168 | D:1      | Reached XP level 2. HP: 15/15 MP: 5/8
   184 | D:1      | Reached skill level 5 in Conjurations
   815 | D:1      | Reached XP level 3. HP: 19/19 MP: 4/9
   958 | D:2      | Noticed Robin
  1060 | D:1      | Killed Robin
  1615 | D:2      | Found a faded altar of an unknown god.
  1736 | D:2      | Found a deep blue altar of Sif Muna.
  1752 | D:2      | Reached XP level 4. HP: 24/24 MP: 8/10
  1758 | D:2      | Learned a level 4 spell: Force Lance
  1765 | D:2      | Learned a level 4 spell: Fulminant Prism
  1958 | D:2      | Noticed Jessica
  1995 | D:2      | Killed Jessica
  2249 | D:2      | Noticed Ijyb
  2255 | D:2      | Killed Ijyb
  2566 | D:3      | Reached XP level 5. HP: 28/28 MP: 9/11
  2678 | D:3      | Found a blossoming altar of Fedhas.
  2977 | D:3      | Found a snail-covered altar of Cheibriados.
  3101 | D:3      | Reached skill level 5 in Hexes
  3282 | D:4      | Reached XP level 6. HP: 32/32 MP: 5/12
  3629 | D:4      | Found a burning altar of Makhleb.
  3831 | D:4      | Reached skill level 1 in Translocations
  3867 | D:4      | Found a sparkling altar of Nemelex Xobeh.
  4629 | D:5      | Entered Level 5 of the Dungeon
  4630 | D:5      | Reached XP level 7. HP: 36/36 MP: 11/13
  4683 | D:5      | Found an ornate altar of the Wu Jian Council.
  4749 | D:5      | Found a glowing drain.
  4778 | Sewer    | Entered a sewer
  5439 | D:5      | Found a sacrificial altar of Ru.
  5543 | D:5      | Reached skill level 4 in Spellcasting
  5789 | D:5      | Noticed Grinder
  5792 | D:5      | Reached skill level 5 in Spellcasting
  5817 | D:5      | Killed Grinder
  5817 | D:5      | Reached skill level 7 in Spellcasting
  5817 | D:5      | Reached XP level 8. HP: 25/41 MP: 0/20
  6084 | D:5      | Found a staircase to the Ecumenical Temple.
  6115 | Temple   | Entered the Ecumenical Temple
  6180 | Temple   | Became a worshipper of Vehumet
  6294 | D:5      | Found a shattered altar of Ashenzari.
  6335 | D:5      | Found a shadowy altar of Dithmenos.
  6341 | D:5      | Reached skill level 8 in Spellcasting
  6516 | D:6      | Found Zin's Purification Station.
  6531 | D:6      | Found a glowing silver altar of Zin.
  6608 | D:6      | Reached skill level 9 in Spellcasting
  6965 | D:6      | Reached skill level 10 in Spellcasting
  6968 | D:6      | Reached * piety under Vehumet
  6968 | D:6      | Offered knowledge of Sting by Vehumet.
  7587 | D:6      | Reached skill level 11 in Spellcasting
  7894 | D:7      | Learned a level 3 spell: Confuse
  7926 | D:7      | Found a shattered altar of Ashenzari.
  8053 | D:7      | Learned a level 4 spell: Sticky Flame
  8059 | D:7      | Learned a level 5 spell: Fireball
  8107 | D:7      | HP: 2/41 [centaur/arrow (16)]
  8107 | D:7      | Shot with an arrow by a centaur

Vault maps used:
D:1:      sevenhm_arrival_forest_fort_small_4
D:2:      led_sif_pool, chequers_ecumenical_altar_grove, first_bread, uniq_iyjb,
          uniq_jessica, uniq_robin
D:3:      kennysheep_slug_shrine, lemuel_crystal_altar, minivault_23,
          grunt_ministairs_11
D:4:      nemelex_altar_shiori, bloody_makhleb
D:5:      nicolae_ru_the_path_less_chosen, grunt_dithmenos_shadows,
          kennysheep_mini, temple_doors_e, portal_sewer_entry_d,
          minmay_misc_feat_four_crosses, ashenzari_altar_1, uniq_grinder
D:6:      zin_purify
D:7:      lemuel_zombie_altar_kikubaaqudgha, nicolae_overflow_crystal_walls,
          elyvilon_altar_1
Temple:   nicolae_temple_figure_zero
Sewer:    sewer_big_baddie

Skill      XL: |  1  2  3  4  5  6  7  8 |
---------------+-------------------------+-----
Conjurations   | 5 6 |  6.4
Hexes          | 3 5 7 |  7.5
Translocations | 2 4 |  4.0
Spellcasting   | 7 11 | 11.1
Dodging        | |  2.4
Stealth        | |  2.4

Action                   |  1- 3 |  4- 6 |  7- 9 || total
-------------------------+-------+-------+-------++-------
Melee: Unarmed           |       |     1 |     7 ||     8
 Cast: Magic Dart        |    86 |   121 |   176 ||   383
       Fulminant Prism   |       |     4 |     8 ||    12
       Force Lance       |       |     2 |    16 ||    18
Evoke: Wand              |       |       |     3 ||     3
  Use: Potion            |     2 |     5 |     2 ||     9
       Scroll            |       |       |     1 ||     1
  Eat: Chunk             |     2 |    10 |     9 ||    21
       Bread ration      |       |       |     1 ||     1
Armor: Robe              |     1 |     1 |    13 ||    15
Dodge: Dodged            |    20 |    18 |    67 ||   105
